 Dungeon Crawl Stone Soup version 0.31.0-9-g3a7656b989 (console) character file.

Game seed: 5733428417576837971

79 AlterAsc the Ruffian (level 4, 0/42 HPs)
             Began as an Octopode Shapeshifter on Jan 25, 2024.
             Slain by a goblin
             ... wielding a +0 club
             ... led by Robin
              (4 damage)
             ... on level 3 of the Dungeon.
             The game lasted 00:02:32 (1248 turns).

AlterAsc the Ruffian (Octopode Shapeshifter)        Turns: 1248, Time: 00:02:32

Health: 0/42       AC: 22    Str: 15    XL:     4   Next: 38%
Magic:  4/4        EV:  2    Int: 12    God:
Gold:   106        SH:  0    Dex: 11    Spells: 3/3 levels left

rFire   . .          .
                       - Unarmed
rCold   . . .        (no shield)
rNeg    . . .        (helmet currently unavailable)
rPois   +            (no amulet)
rElec   .            (no ring)
rCorr   .            (no ring)
SInv    .            (no ring)
Will    .....        (no ring)
Stlth   +            (no ring)
HPRegen 0.27/turn    (no ring)
MPRegen 0.09/turn    (no ring)
                     (no ring)

%: no passive effects
@: tree-form
A: stationary, stasis, torment immunity, boosted hp, almost no armour,
(amphibious), 8 rings, (camouflage 1), (gelatinous body 1), (nimble swimmer 1),
(tentacles)
a: no special abilities


You were on level 3 of the Dungeon.
You were a tree.
You visited 1 branch of the dungeon, and saw 3 of its levels.

You collected 106 gold pieces.

Inventory:

Missiles
 d - 18 stones (quivered)
 f - 2 boomerangs
 l - 4 poisoned darts
Talismans
 b - a beast talisman
 c - a flux talisman
Scrolls
 e - 2 scrolls of identify {unknown}
 g - a scroll of teleportation {unknown}
 h - a scroll of amnesia {unknown}
 i - a scroll of immolation {unknown}
 j - a scroll of summoning {unknown}
Potions
 a - 2 potions of lignification
 k - a potion of curing {unknown}


   Skills:
 - Level 1.0 Fighting
 - Level 2.0 Dodging
 + Level 5.1 Unarmed Combat
 - Level 3.0 Shapeshifting


You had 3 spell levels left.
You didn't know any spells.
Your spell library contained the following spells:

 Spells                   Type           Power      Damage    Failure   Level
 Call Canine Familiar     Summ           0%         N/A       69%         3
 Sigil of Binding         Hex            0%         N/A       69%         3
 Animate Dead             Necr           0%         N/A       97%         4
 Dimensional Bullseye     Hex/Tloc       0%         N/A       97%         4
 Haunt                    Necr/Summ      0%         N/A       100%        7
 Infestation              Necr           0%         N/A       100%        8


Dungeon Overview and Level Annotations

Branches:
Dungeon (3/15)

Altars:


Innate Abilities, Weirdness & Mutations

You are a tree.
Your roots penetrate the ground, keeping you stationary.
You cannot be teleported.
You are immune to unholy pain and torment.
Your maximum health is greatly increased.
You cannot wear most types of armour.
((You are amphibious.))
You can wear up to eight rings at the same time.
((Your skin changes colour to match your surroundings (Stealth+).))
((Your rubbery body absorbs attacks. (AC +1, EV +1)))
((You are camouflaged when in or above water. (Stealth+)))
((You have tentacles for arms and can constrict up to eight enemies at once.))


Message History

Level annotation: Robin
There is a stone staircase leading up here.
A hobgoblin comes into view.
Throw: 19 stones
Press: ? - help, Q - select action, (/) - cycle Shift-Dir - straight line, f - hobgoblin
Aim: a hobgoblin (wandering, hasn't noticed you, 52% to hit)
You throw a stone. The stone barely misses the hobgoblin.
The hobgoblin shouts!
You hear a shout! x2
The hobgoblin hits you.
You closely miss the hobgoblin. Your grab misses the hobgoblin.
You squeeze the hobgoblin.
You kill the hobgoblin!
No target in view!
You start resting.
A goblin is nearby!
Robin throws the goblin at you! The goblin barely misses you.
The goblin hits you with a club.
The hobgoblin shouts!
You tentacle-slap Robin. You grab Robin.
Robin is moderately wounded.
You constrict Robin.
You hear a shout! x2
Robin roars a battlecry!
The goblins go into a battle-frenzy!
The goblin closely misses you. The goblin hits you with a +0 club.
You tentacle-slap Robin.
Robin is severely wounded.
You constrict Robin. Robin throws the goblin at you!
The goblin hits you with a +0 dagger. The goblin hits you with a +0 club.
* * * LOW HITPOINT WARNING * * *
You bludgeon Robin!
You kill Robin!
The goblin barely misses you. The goblin closely misses you.
Your Unarmed Combat skill increases to level 5!
The goblin misses you. The goblin attacks as it pursues you!
The goblin hits you with a +0 club.
* * * LOW HITPOINT WARNING * * *
Really quaff the potion of lignification?
Your transformation has ended.
You turn into a tree.
Your roots penetrate the ground.
The goblin hits you with a +0 club.
You die...

## ### ### ##. #.#####.#
.. #.......# # #.
#.#####.#
#.#.####.#<....#
#....g.♣.####### ####
#.#...gg........ .....
......)#############...##
....... ...g. .......
....... .#.g..##.......
....... ..g....<.......
....... g......g.......
....... g..gg.#....##..
....... .g....#....#
...g. ....... .....
........


You could see a hobgoblin (strong) and 2 goblins.

Vanquished Creatures
  Robin (D:3)
  4 adders (D:2)
  A dart slug (D:1)
  A ribbon worm (D:2)
  3 bats
  3 endoplasms
  A giant cockroach (D:2)
  5 goblins (D:1)
  3 hobgoblins
  2 kobolds
  2 ball pythons
  2 frilled lizards (D:2)
  2 rats (D:2)
30 creatures vanquished.

Notes
Turn   | Place    | Note
-------+----------+-------------------------------------------
     0 | D:1      | AlterAsc the Octopode Shapeshifter began the quest for the
                  | Orb.
     0 | D:1      | Reached XP level 1. HP: 13/13 MP: 1/1
     2 | D:1      | Noticed a minotaur
     4 | D:1      | Noticed a djinni
     4 | D:1      | Noticed an octopode
     6 | D:1      | Noticed a human
     8 | D:1      | Noticed a demonspawn
    10 | D:1      | Noticed an elf
    10 | D:1      | Noticed a demigod
    12 | D:1      | Noticed a merfolk
    12 | D:1      | Noticed an armataur
    14 | D:1      | Noticed a tengu
    14 | D:1      | Noticed a troll
    16 | D:1      | Noticed a vampire
    16 | D:1      | Noticed a vine stalker
    18 | D:1      | Noticed an oni
    18 | D:1      | Noticed a spriggan
    20 | D:1      | Noticed a ghoul
    22 | D:1      | Noticed a naga
    22 | D:1      | Noticed a barachi
    24 | D:1      | Noticed a felid
    24 | D:1      | Noticed a formicid
    26 | D:1      | Noticed a gargoyle
    26 | D:1      | Noticed a draconian
   184 | D:1      | Reached XP level 2. HP: 11/18 MP: 2/2
   481 | D:2      | Reached skill level 4 in Unarmed Combat
   533 | D:2      | Reached XP level 3. HP: 23/23 MP: 3/3
   896 | D:2      | Reached XP level 4. HP: 26/28 MP: 4/4
   999 | D:2      | Found a faded altar of an unknown god.
  1114 | D:3      | Noticed Robin
  1244 | D:3      | Killed Robin
  1245 | D:3      | Reached skill level 5 in Unarmed Combat
  1248 | D:3      | Slain by a goblin

Illustrated notes

Levels and vault maps discovered:
D:1:      kb_arrival_jail, layout_rooms
D:2:      layout_basic, shapermc_ecumenical_altar_mp_ritualfount,
          item_on_display_b
D:3:      layout_basic, corner_web_ring, uniq_robin

Skill      XL: |  1  2  3  4 |
---------------+-------------+-----
Unarmed Combat | 4 5 |  5.1
Fighting       | |  1.0
Dodging        | |  2.0
Shapeshifting  | |  3.0

Action                     |  1- 3 |  4- 6 || total
---------------------------+-------+-------++-------
  Melee: Unarmed           |    42 |     9 ||    51
         Constrict         |    14 |     3 ||    17
         Tentacles         |     9 |     2 ||    11
  Throw: Stone             |       |     3 ||     3
    Use: Potion            |       |     1 ||     1
   Stab: Sleeping          |     6 |       ||     6
 Armour: Skin              |    11 |    15 ||    26
  Dodge: Dodged            |    18 |     8 ||    26
